 Dungeon Crawl Stone Soup version 0.20.1-1-g8b1a95d (webtiles) character file.

214 Mesmaeker13 the Sneak (level 5, 0/26 HPs)
             Began as a Vine Stalker Assassin on July 19, 2017.
             Succumbed to a worker ant's poison
             ... on level 4 of the Dungeon.
             The game lasted 00:05:40 (2460 turns).

Mesmaeker13 the Sneak (Vine Stalker Assassin)       Turns: 2460, Time: 00:05:41

Health: 0/26       AC:  3    Str: 14    XL:     5   Next: 92%
Magic:  2/6        EV: 13    Int: 11    God:
Gold:   205        SH:  0    Dex: 16    Spells: 4/4 levels left

rFire    . . .     SeeInvis .   a - +2 dagger
rCold    . . .     Gourm    .   (no shield)
rNeg     . . .     Faith    .   w - +0 robe (curse)
rPois    .         Spirit   +   (no helmet)
rElec    .         Reflect  .   d - +0 cloak
rCorr    .         Harm     .   (no gloves)
MR       .....                  (no boots)
Stlth    +++.......             (no amulet)
Regen    0.5/turn               (no ring)
MPRegen  0.1/turn               (no ring)

@: lethally poisoned (0 -> -8), flying
A: fangs 2, regeneration 1, magic shield, antimagic bite, no potion heal 3, rot
immunity
a: no special abilities


You were on level 4 of the Dungeon.
You were hungry.

You visited 1 branch of the dungeon, and saw 4 of its levels.

You collected 205 gold pieces.

Inventory:

Hand Weapons
 a - a +2 dagger (weapon)
 b - a +0 blowgun
Missiles
 e - 16 poisoned needles
 f - a curare-tipped needle
Armour
 d - a +0 cloak (worn)
 l - a +0 shield
 w - a cursed +0 robe (worn)
Wands
 u - a wand of lightning (2/15)
Scrolls
 h - a scroll of remove curse {unknown}
 i - a scroll of magic mapping
 j - a scroll of blinking {unknown}
 o - 2 scrolls of enchant armour
 q - a scroll of teleportation
 r - a scroll of amnesia {unknown}
 s - a scroll of random uselessness {unknown}
Potions
 p - a potion of degeneration {unknown}
Comestibles
 g - 2 bread rations
 m - 9 fruits
 t - a meat ration


   Skills:
 - Level 1.7 Fighting
 + Level 3.0 Short Blades
 + Level 2.9 Throwing
 + Level 2.3 Dodging
 + Level 6.1 Stealth


You had 4 spell levels left.
You didn't know any spells.

Dungeon Overview and Level Annotations

Branches:
Dungeon (4/15)
 Temple: D:4-7

Altars:
Sif Muna
Yredelemnul

Annotations:
D:2 1 runed door


Innate Abilities, Weirdness & Mutations

You have extremely sharp teeth.
Your natural rate of healing is unusually fast.
When hurt, damage is shared between your health and your magic reserves.
Your bite disrupts and absorbs the magic of your enemies.
Potions cannot restore your health.
You are immune to rotting.


Message History

You feel sick.
The worker ant bites you but does no damage.
You hit the worker ant but do no damage.
You bite the worker ant. You drain its power.
You feel invigorated.
The worker ant is severely wounded.
* * * LOW HITPOINT WARNING * * *
You feel sick. The worker ant bites you.
You hit the worker ant.
The worker ant is almost dead.
* * * LOW HITPOINT WARNING * * *
You feel sick. The worker ant bites you.
* * * LOW HITPOINT WARNING * * *
You hit the worker ant. Your bite misses the worker ant.
The worker ant is almost dead.
* * * LOW HITPOINT WARNING * * *
You feel sick. The worker ant closely misses you.
You hit the worker ant but do no damage.
Your bite misses the worker ant.
The worker ant is almost dead.
You die...

##...## #.#.####.#
##'## #.#.####.#
#.# #.#...##.#
####.# #.###.##.#
.....## #.##.#
###...## ##.##.#
##.....#### .....#
..........#######a#
.###.####.......@%#
. #.# ###########
#.# ..# ###


You could see a worker ant.

Vanquished Creatures
  An orc wizard (D:3)
  An iguana (D:4)
  A worker ant (D:4)
  A gnoll (D:1)
  3 adders
  2 oozes
  An adder skeleton (D:4)
  3 leopard geckos
  2 giant cockroaches
  6 goblins
  4 hobgoblins
  4 jackals (D:1)
  17 kobolds
  8 bats
  6 frilled lizards
  A goblin skeleton (D:2)
  A goblin zombie (D:2)
  5 rats
67 creatures vanquished.

Vanquished Creatures (others)
  An orc wizard (D:3)
1 creature vanquished.

Grand Total: 68 creatures vanquished

Notes
Turn   | Place    | Note
-------+----------+-------------------------------------------
     0 | D:1      | Mesmaeker13 the Vine Stalker Assassin began the quest for the Orb.
     0 | D:1      | Reached XP level 1. HP: 11/11 MP: 2/2
    75 | D:1      | Reached skill level 5 in Stealth
   205 | D:1      | Reached skill level 1 in Dodging
   251 | D:1      | Reached XP level 2. HP: 15/15 MP: 3/3
   484 | D:1      | Reached XP level 3. HP: 11/18 MP: 4/4
   882 | D:2      | Gained mutation: Your natural rate of healing is unusually fast. [Vine Stalker growth]
   882 | D:2      | Reached XP level 4. HP: 23/23 MP: 5/5
  1220 | D:2      | Found a runed door.
  1220 | D:2      | Noticed a human
  1224 | D:2      | Found a basalt altar of Yredelemnul.
  2003 | D:3      | Found a deep blue altar of Sif Muna.
  2022 | D:3      | Reached XP level 5. HP: 22/26 MP: 6/6
  2029 | D:3      | Reached skill level 6 in Stealth
  2459 | D:4      | HP: 1/26 [poisoned by a worker ant]
  2460 | D:4      | Succumbed to a worker ant's poison

Skill      XL: |  1  2  3  4  5 |
---------------+----------------+-----
Stealth        | 5 6 |  6.1
Dodging        | 1 2 |  2.3
Throwing       | 2 |  2.9
Short Blades   | 2 3 |  3.0
Fighting       | |  1.7

Action                   |  1- 3 |  4- 6 || total
-------------------------+-------+-------++-------
Melee: Dagger            |    68 |   100 ||   168
       Bite              |    10 |    17 ||    27
 Fire: Blowgun           |     4 |     9 ||    13
Evoke: Wand              |       |     2 ||     2
  Use: Scroll            |       |     3 ||     3
       Potion            |       |     1 ||     1
 Stab: Sleeping          |    14 |    13 ||    27
  Eat: Chunk             |       |     4 ||     4
Armor: Robe              |     8 |    22 ||    30
Dodge: Dodged            |    28 |    48 ||    76
